 Dungeon Crawl Stone Soup version 0.22.1-6-g1668fe2 (webtiles) character file.

366 Gingerlord the Charlatan (level 7, 0/45 HPs)
             Began as a Halfling Artificer on Jan 26, 2019.
             Was an Initiate of Okawaru.
             Killed from afar by an orc wizard (11 damage)
             ... with a puff of flame
             ... on level 4 of the Dungeon.
             The game lasted 00:06:10 (4439 turns).

Gingerlord the Charlatan (Halfling Artificer)       Turns: 4439, Time: 00:06:10

Health: 0/45       AC:  4    Str: 17    XL:     7   Next: 0%
Magic:  10/10      EV: 16    Int:  9    God:    Okawaru [......]
Gold:   70         SH:  0    Dex: 15    Spells: 6/6 levels left

rFire    . . .     SeeInvis .   a - +0 short sword
rCold    . . .     Gourm    .   (shield restricted)
rNeg     . . .     Faith    .   b - +0 leather armour
rPois    .         Spirit   .   (no helmet)
rElec    .         Reflect  .   (no cloak)
rCorr    .         Harm     .   l - +0 pair of gloves
MR       .....                  (no boots)
Stlth    ++........             (no amulet)
HPRegen  0.15/turn              j - +2 ring of strength
MPRegen  0.12/turn              (no ring)

@: no status effects
A: small, mutation resistance 1
a: Renounce Religion


You were on level 4 of the Dungeon.
You worshipped Okawaru.
Okawaru was noncommittal.
You were not hungry.

You visited 1 branch of the dungeon, and saw 4 of its levels.

You collected 70 gold pieces.

Inventory:

Hand Weapons
 a - a +0 short sword (weapon)
Armour
 b - a +0 leather armour (worn)
 l - a +0 pair of gloves (worn)
Jewellery
 j - a +2 ring of strength (left hand)
 m - an uncursed ring of resist corrosion {unknown}
Wands
 c - a wand of flame (13)
 d - a wand of enslavement (22)
 e - a wand of random effects (12)
 k - a wand of scattershot (6)
Scrolls
 h - a scroll of teleportation {unknown}
 i - 3 scrolls of identify
 n - a scroll of remove curse
 o - a scroll of magic mapping
Potions
 p - a potion of degeneration {unknown}
Comestibles
 f - 8 rations


   Skills:
 + Level 2.6 Fighting
 + Level 3.5 Short Blades
 + Level 3.0 Armour
 + Level 3.8 Dodging
 - Level 1.1 Stealth
 + Level 4.2 Evocations


You had 6 spell levels left.
You didn't know any spells.
Your spell library was empty.

Dungeon Overview and Level Annotations

Branches:
Dungeon (4/15)
 Temple: D:4-7

Altars:
Gozag
Okawaru
Sif Muna
Trog


Innate Abilities, Weirdness & Mutations

You are small and have problems with some larger weapons.
You are somewhat resistant to further mutation.


Message History

You closely miss something.
You hear some strange, mumbled words.
A puff of flame appears from out of thin air!
The puff of flame hits you! The orc hits you.
You barely miss something. Something barely misses you.
The orc closely misses you. Something hits you.
You hear some strange, mumbled words.
A puff of flame appears from out of thin air!
The puff of flame misses you.
Okay, then.
Evoke which item? (* to show all) (? for menu, Esc to quit)
Aiming: Enslavement
Press: ? - help, Shift-Dir - straight line, f - orc
Aim: an orc, wearing a ring mail (chance to defeat MR: 74%)
The orc struggles to resist.
Something hits you.
* * * LOW HITPOINT WARNING * * *
You hear some strange, mumbled words.
A puff of flame appears from out of thin air!
The puff of flame hits you!
You die...

.#......###'##....#####
.#...>..#.............#
.#......+.............#
.#......#.............#
##......#.............#
#..##..#.....####....#
#....[#..#....#
#.....#..#....#
+.....#o@#....# ...
#o{#..!.#
.....#'##....#
#.............#
+.........o...#
#.............+
#.............#
....####........ ....
#.........


You could see 2 orcs.

Vanquished Creatures
  An ogre (D:3)
  A phantom (D:4)
  2 orc wizards (D:4)
  A worker ant (D:3)
  4 adders
  An ooze (D:2)
  A worm (D:3)
  4 dart slugs
  A leopard gecko (D:3)
  10 orcs
  A ball python (D:3)
  9 bats
  2 giant cockroaches
  12 goblins
  8 hobgoblins
  A jackal (D:1)
  8 kobolds
  2 quokkas
  4 frilled lizards
  6 rats
79 creatures vanquished.

Vanquished Creatures (collateral kills)
  A worm (D:3)
1 creature vanquished.

Grand Total: 80 creatures vanquished

Notes
Turn   | Place    | Note
-------+----------+-------------------------------------------
     0 | D:1      | Gingerlord the Halfling Artificer began the quest for the
                  | Orb.
     0 | D:1      | Reached XP level 1. HP: 12/12 MP: 3/3
    37 | D:1      | Reached skill level 1 in Fighting
   284 | D:1      | Reached XP level 2. HP: 17/18 MP: 4/4
   897 | D:1      | Reached XP level 3. HP: 19/23 MP: 5/5
   925 | D:1      | Reached skill level 1 in Armour
  1748 | D:2      | Reached XP level 4. HP: 11/28 MP: 6/6
  3024 | D:3      | Found a bloodstained altar of Trog.
  3185 | D:3      | Reached XP level 5. HP: 33/34 MP: 7/7
  3364 | D:3      | Found an opulent altar of Gozag.
  3371 | D:3      | Noticed an ogre
  3393 | D:3      | Killed an ogre
  3393 | D:3      | Reached XP level 6. HP: 6/39 MP: 8/8
  3942 | D:4      | Noticed a phantom
  3997 | D:4      | Found an iron altar of Okawaru.
  4041 | D:3      | Reached skill level 4 in Evocations
  4352 | D:4      | Became a worshipper of Warmaster Okawaru
  4363 | D:4      | Found a deep blue altar of Sif Muna.
  4376 | D:4      | Killed a phantom
  4376 | D:4      | Reached XP level 7. HP: 44/45 MP: 10/10
  4439 | D:4      | Killed from afar by an orc wizard

Skill      XL: |  1  2  3  4  5  6 |
---------------+-------------------+-----
Fighting       | 1 2 |  2.6
Armour         | 1 2 3 |  3.0
Short Blades   | 2 3 |  3.5
Dodging        | 3 |  3.8
Evocations     | 4 |  4.2
Stealth        | |  1.1

Action                   |  1- 3 |  4- 6 |  7- 9 || total
-------------------------+-------+-------+-------++-------
Melee: Short sword       |   186 |   237 |    12 ||   435
Evoke: Wand              |       |     8 |     1 ||     9
  Use: Scroll            |     2 |     1 |       ||     3
       Potion            |       |     4 |       ||     4
 Stab: Sleeping          |     1 |     1 |       ||     2
       Distracted        |     1 |       |       ||     1
       Paralysed         |       |     3 |       ||     3
  Eat: Chunk             |     2 |     6 |       ||     8
       Ration            |       |     1 |       ||     1
Armor: Leather armour    |    37 |    48 |     4 ||    89
Dodge: Dodged            |   141 |   175 |    12 ||   328
